 Dungeon Crawl Stone Soup version 0.29.1-2-gbd0b4ee654 (webtiles) character file.

Game seed: 16216421737840931177

1843 styxcanada the Covert (level 8, -3/60 HPs)
             Began as a Spriggan Brigand on Oct 21, 2022.
             Was an Initiate of Gozag.
             Succumbed to a gnoll sergeant's poison
             ... on level 6 of the Dungeon on Oct 23, 2022.
             The game lasted 00:43:30 (8751 turns).

styxcanada the Covert (Spriggan Brigand)            Turns: 8751, Time: 00:43:32

Health: -3/60      AC: 24    Str:  7    XL:     8   Next: 88%
Magic:  2/13       EV:  4    Int: 13    God:    Gozag
Gold:   553        SH:  6    Dex: 18    Spells: 8/13 levels left

rFire   . . .      SeeInvis +   v - +0 dagger (venom)
rCold   . . .      Faith    .   j - +0 buckler
rNeg    . . .      Spirit   +   (body armour currently unavailable)
rPois   +          Reflect  .   (helmet currently unavailable)
rElec   .          Harm     .   (cloak currently unavailable)
rCorr   +          Rampage  .   (gloves unavailable)
Will    +....      NoTele   +   (boots unavailable)
Stlth   +++++.....              q - amulet of guardian spirit
HPRegen 0.20/turn               n - ring of resist corrosion
MPRegen 0.13/turn               z - +4 ring of evasion

@: lethally poisoned (-3 -> -19), tree-form, gold aura, studying 2 skills
A: stationary, stasis, torment immunity, boosted hp, very small, no large
weapons, unfitting armour, see invisible, (speed 3), MP-powered wands
a: Renounce Religion, Potion Petition, Call Merchant, Bribe Branch


You were on level 6 of the Dungeon.
You worshipped Gozag.
Gozag was pleased with you.
You were a tree.
You visited 1 branch of the dungeon, and saw 6 of its levels.

You collected 744 gold pieces.
You spent 164 gold pieces at shops.
You paid 27 gold pieces to Gozag.

Inventory:

Hand Weapons
 a - a +2 vampiric dagger
 m - a +0 sling
 v - a +0 dagger of venom (weapon)
 w - a +2 dagger of distortion
Missiles
 d - 14 poisoned darts (quivered)
 e - 3 curare-tipped darts
 f - 74 stones
 h - a throwing net
 r - 4 atropa-tipped darts
 y - 4 boomerangs
Armour
 b - a +0 robe (melded)
 j - a +0 buckler (worn)
 u - a +0 cloak of stealth (melded)
Jewellery
 c - a ring of wizardry
 n - a ring of resist corrosion (left branch)
 q - an amulet of guardian spirit (around neck)
 z - a +4 ring of evasion (right branch)
Wands
 i - a wand of mindburst (6)
 x - a wand of digging (6)
Scrolls
 k - a scroll of identify
 l - a scroll of amnesia
 A - a scroll of teleportation
 D - a scroll of brand weapon
Potions
 g - a potion of mutation
 p - a potion of invisibility
 s - 3 potions of flight
 t - 2 potions of resistance
 C - a potion of magic


   Skills:
 + Level 3.1 Fighting
 + Level 4.4 Short Blades
 + Level 4.3 Throwing
 * Level 4.9 Dodging
 * Level 11.0 Stealth
 * Level 1.9 Shields
 * Level 3.2 Spellcasting
 * Level 0.8 Conjurations
 * Level 6.3 Translocations
 * Level 2.2 Air Magic
 * Level 1.1 Poison Magic
 * Level 1.7 Evocations


You had 8 spell levels left.
You knew the following spells:

 Your Spells              Type           Power      Damage    Failure   Level
a - Blink                 Tloc           36%        N/A       5%          2
b - Mephitic Cloud        Conj/Pois/Air  5%         N/A       63%         3

Your spell library contained the following spells:

 Spells                   Type           Power      Damage    Failure   Level
 Ignite Poison            Fire/Tmut/Pois 3%         N/A       77%         3
 Dispersal                Tloc           9%         N/A       99%         6
 Freezing Cloud           Conj/Ice/Air   2%         6-21      100%        5
 Disjunction              Tloc           9%         N/A       100%        8
 Chain Lightning          Conj/Air       3%         3d4       100%        9
 Fire Storm               Conj/Fire      1%         8d1       100%        9
 Shatter                  Erth           1%         3d5*      100%        9


Dungeon Overview and Level Annotations

Branches:
Dungeon (6/15)
 Temple: D:4-7

Altars:
Elyvilon
Gozag
Hepliaklqana
Kikubaaqudgha
Makhleb
Nemelex Xobeh
The Shining One

Shops:
D:2 [*[(   D:6 :

Portals:
Abyss: D:4

Annotations:
D:4 RatsInWalls's ghost, amateur MfTm
D:6 1 transporter, TheGhostDragon952's ghost, novice MeFi


Innate Abilities, Weirdness & Mutations

You are a tree.
Your roots penetrate the ground, keeping you stationary.
You cannot be teleported.
You are immune to unholy pain and torment.
Your maximum health is greatly increased.
Your equipment is partially melded.
You are very small and have problems with some larger weapons.
You are too small for most types of armour.
You have supernaturally acute eyesight. (SInv)
((You cover ground extremely quickly. (Speed+++)))
You expend magic power (3 MP) to strengthen your wands.


Message History

Your +0 robe melds into your body.
You feel less stealthy.
Your roots penetrate the ground.
* * * LOW HITPOINT WARNING * * *
You feel very sick.
Throw: 17 darts (poison)
Press: ? - help, Q - select action, (/) - cycle Shift-Dir - straight line, f - gnoll sergeant
Aim: a gnoll sergeant, wielding a +4 spear of venom, wearing a +0 scale mail and wearing a ring of protection from fire (severely wounded, 71% to hit)
You throw a poisoned dart.
The poisoned dart hits the gnoll sergeant!
The gnoll sergeant is poisoned.
The gnoll sergeant is severely wounded.
* * * LOW HITPOINT WARNING * * *
You feel very sick.
The gnoll sergeant hits you but does no damage.
You are more poisoned.
Unknown command.
Throw: 16 darts (poison)
Press: ? - help, Q - select action, (/) - cycle Shift-Dir - straight line, f/p - gnoll sergeant
Aim: a gnoll sergeant, wielding a +4 spear of venom, wearing a +0 scale mail and wearing a ring of protection from fire (severely wounded, very poisoned, 71% to hit)
You throw a poisoned dart.
The poisoned dart hits the gnoll sergeant.
The gnoll sergeant looks even sicker.
The gnoll sergeant is severely wounded.
* * * LOW HITPOINT WARNING * * *
You feel very sick.
The gnoll sergeant hits you but does no damage.
The gnoll is distracted by your dazzling golden aura.
Casting: Blink (safe; 5% risk of failure)
Confirm with . or Enter, or press ? or * to list all spells.
You cannot blink because you are held in place by your roots.
Throw: 15 darts (poison)
Press: ? - help, Q - select action, (/) - cycle Shift-Dir - straight line, f/p - gnoll sergeant
Aim: a gnoll sergeant, wielding a +4 spear of venom, wearing a +0 scale mail and wearing a ring of protection from fire (almost dead, very poisoned, 71% to hit)
You throw a poisoned dart.
The poisoned dart hits the gnoll sergeant.
The gnoll sergeant looks as sick as possible!
The gnoll sergeant is almost dead.
The gnoll shouts!
You die...
Your body crumbles into a pile of gold.

#...##.≈≈..#.#g..#.#......#
.....#.~~.©#.g.©.($#©.....## #
.......≈≈..#.#8⌠8#.#.......### ##
.......≈≈.##.#####.##.≈≈.....###.
.......≈≈.#..#..)#..#.≈≈.......'.
.......≈≈.##g#...#.##.≈≈.....###.
.......≈≈..#.#...#.#..≈≈.#.#.# ##
.......≈≈###.##'##.###≈≈.###.# #
≈≈≈≈#..≈≈#..ggg.♣....#≈≈.# #.#
##'###.≈≈##.###.###.##≈≈.###.#
#.# #.≈≈#..#8###8#..#≈≈.....####
#.# #.≈≈####.....####≈≈..#####..
##.###.≈≈≈≈≈≈≈≈~≈≈≈≈≈≈≈≈..# #.#
....##.≈≈≈≈≈≈≈≈~≈≈≈≈≈≈≈≈..# #.#
.....#....................#####.#
.........##########..............
##.####### #############.#


You could see 2 gnoll sergeants and 2 gnolls.

Vanquished Creatures
  A gargoyle (D:6)
  Prince Ribbit (D:5)
  Sigmund (D:5)
  An ice beast (D:6)
  A sky beast (D:6)
  An ogre (D:6)
  A phantom (D:6)
  A bullfrog (D:6)
  2 scorpions
  A necrophage (D:6)
  2 hounds
  2 orc priests (D:6)
  A gnoll bouda (D:6)
  An iron imp (D:4)
  3 iguanas
  4 orc wizards (D:4)
  Robin (D:2)
  7 gnolls (D:6)
  8 adders
  A shadow imp (D:6)
  A white imp (D:6)
  An ufetubus (D:6)
  4 dart slugs
  9 orcs
  11 ball pythons
  8 bats
  5 endoplasms
  3 giant cockroaches
  8 hobgoblins
  2 jackals
  9 kobolds
  3 quokkas
  A frilled lizard (D:3)
  18 goblins
124 creatures vanquished.

Vanquished Creatures (others)
  6 plants (D:6)
  A withered plant (D:5)
7 creatures vanquished.

Grand Total: 131 creatures vanquished

Notes
Turn   | Place    | Note
-------+----------+-------------------------------------------
     0 | D:1      | styxcanada the Spriggan Brigand began the quest for the
                  | Orb.
     0 | D:1      | Reached XP level 1. HP: 10/10 MP: 2/2
    97 | D:1      | Reached skill level 6 in Stealth
   441 | D:1      | Reached XP level 2. HP: 14/14 MP: 3/3
   613 | D:1      | Reached skill level 7 in Stealth
   698 | D:1      | Reached XP level 3. HP: 18/18 MP: 4/4
  1050 | D:2      | Found Pacoiw's General Store.
  1057 | D:2      | Bought a scroll of identify for 26 gold pieces
  1326 | D:2      | Identified the +4 helmet of Springtime {Dex+4 Stlth+}
  1326 | D:2      | Noticed Robin
  1362 | D:2      | Found Mudumeet's Antique Armour Boutique.
  1922 | D:2      | Found Cotrepae's Antique Weapon Boutique.
  1938 | D:2      | Found Ohob's Armour Shop.
  2384 | D:2      | Killed Robin
  2385 | D:2      | Reached XP level 4. HP: 20/23 MP: 5/5
  2903 | D:3      | Got the Quarto of the Wayfarer
  3077 | D:3      | Found an opulent altar of Gozag.
  3087 | D:3      | Became a worshipper of Gozag Ym Sagoz the Greedy
  3414 | D:4      | Upgraded the game from 0.29.1-1-gd02db6906a to
                  | 0.29.1-2-gbd0b4ee654
  3483 | D:4      | Reached skill level 8 in Stealth
  3508 | D:4      | Found a hazy altar of Hepliaklqana.
  3531 | D:4      | Found a glowing golden altar of the Shining One.
  3584 | D:4      | Reached XP level 5. HP: 20/26 MP: 4/6
  4156 | D:4      | Learned a level 2 spell: Blink
  4179 | D:4      | Reached XP level 6. HP: 27/31 MP: 4/7
  4235 | D:4      | Gained mutation: You expend magic power (3 MP) to
                  | strengthen your wands. [potion of mutation]
  4241 | D:4      | Found a one-way gate to the infinite horrors of the Abyss.
  4241 | D:4      | Noticed RatsInWalls's ghost (amateur MfTm)
  4265 | D:4      | Found a transporter.
  4386 | D:2      | Bought a +0 cloak of stealth for 138 gold pieces
  4584 | D:4      | Found a white marble altar of Elyvilon.
  4990 | D:4      | Reached skill level 1 in Translocations
  5088 | D:4      | Found a transporter.
  5151 | D:4      | Reached skill level 1 in Spellcasting
  5576 | D:5      | Entered Level 5 of the Dungeon
  5765 | D:5      | Found a burning altar of Makhleb.
  5933 | D:5      | Noticed Sigmund
  5940 | D:5      | Killed Sigmund
  5941 | D:5      | Reached skill level 9 in Stealth
  5941 | D:5      | Reached XP level 7. HP: 35/35 MP: 10/10
  6079 | D:5      | Noticed Prince Ribbit
  6132 | D:5      | Killed Prince Ribbit
  6133 | D:5      | Reached skill level 1 in Shields
  6343 | D:5      | Found an ancient bone altar of Kikubaaqudgha.
  6716 | D:6      | Found a transporter.
  7031 | D:6      | Found a transporter.
  7054 | D:6      | Reached skill level 10 in Stealth
  7054 | D:6      | Reached XP level 8. HP: 40/40 MP: 12/12
  7072 | D:6      | Learned a level 3 spell: Mephitic Cloud
  7234 | D:6      | Reached skill level 5 in Translocations
  7369 | D:6      | Noticed a gargoyle
  7376 | D:6      | Killed a gargoyle
  7377 | D:6      | Reached skill level 1 in Evocations
  7381 | D:6      | Reached skill level 1 in Air Magic
  7448 | D:6      | Found Agoiff's Book Shop.
  7766 | D:6      | Reached skill level 1 in Poison Magic
  7850 | D:6      | Reached skill level 11 in Stealth
  7888 | D:6      | Found a sparkling altar of Nemelex Xobeh.
  8276 | D:6      | Noticed TheGhostDragon952's ghost (novice MeFi)
  8750 | D:6      | HP: 1/60 [poisoned by a gnoll sergeant]
  8751 | D:6      | Succumbed to a gnoll sergeant's poison

Illustrated notes

Levels and vault maps discovered:
D:1:      dpeg_arrival_pond, layout_loops_ring, serial_bayou_pond_b,
          minmay_misc_feat_square, minmay_tiny_reverse_x
D:2:      layout_basic, serial_shops, nicolae_shop_stone, shop_fountains, shop,
          shop, uniq_robin
D:3:      layout_basic, nicolae_gozag_seed_capital
D:4:      layout_cave_pools, nzn_hepliaklqana_mist_gate,
          mainiacjoe_overflow_boulevard, mainiacjoe_overflow_24_doors,
          gammafunk_ghost_abyssal_escape, kennysheep_small_square
D:5:      layout_cave_pools, mainiacjoe_overflow_alcove_2,
          kiku_gazebo_garden_becter, uniq_sigmund, uniq_prince_ribbit1
D:6:      layout_loops_corners, mainiacjoe_overflow_alcove_4, serial_shops,
          shop_fountains, gammafunk_ghost_gnarly_gnolls,
          chequers_serial_rivers_micro_e

Skill      XL: |  1  2  3  4  5  6  7  8 |
---------------+-------------------------+-----
Stealth        | 6 7 8 9 10 11 | 11.0
Dodging        | 2 3 4 |  4.9
Fighting       | 2 3 |  3.1
Short Blades   | 3 4 |  4.4
Translocations | 3 4 6 |  6.3
Spellcasting   | 1 2 3 |  3.2
Throwing       | 3 4 |  4.3
Shields        | 1 |  1.9
Evocations     | 1 |  1.7
Air Magic      | 2 |  2.2
Poison Magic   | 1 |  1.1
Conjurations   | |  0.8

Action                   |  1- 3 |  4- 6 |  7- 9 || total
-------------------------+-------+-------+-------++-------
Melee: Dagger            |    89 |   192 |   117 ||   398
 Fire: Sling             |       |       |    14 ||    14
Throw: Dart              |    26 |    41 |    35 ||   102
 Cast: Blink             |       |       |     4 ||     4
  Use: Scroll            |     4 |     7 |     5 ||    16
       Potion            |       |     1 |     3 ||     4
 Stab: Sleeping          |    14 |    13 |     7 ||    34
Armor: Robe              |    19 |    20 |    11 ||    50
       Skin              |       |       |     2 ||     2
Dodge: Dodged            |    49 |   124 |    72 ||   245
Block: Buckler           |       |    13 |    27 ||    40
